 Dungeon Crawl Stone Soup version 0.29.1-12-g30fa7ad0bf (webtiles) character file.

Game seed: 5021209119539092018

219 Radix the Gusty (level 5, -1/35 HPs)
             Began as a Barachi Air Elementalist on Dec 30, 2022.
             Slain by a worm (8 damage)
             ... on level 2 of the Dungeon.
             The game lasted 00:11:20 (2262 turns).

Radix the Gusty (Barachi Air Elementalist)          Turns: 2262, Time: 00:11:20

Health: -1/35      AC:  3    Str:  9    XL:     5   Next: 96%
Magic:  1/10       EV: 12    Int: 18    God:
Gold:   132        SH:  0    Dex: 12    Spells: 5/11 levels left

rFire   . . .      SeeInvis .   c - +0 dagger
rCold   . . .      Faith    .   (no shield)
rNeg    . . .      Spirit   .   a - +0 robe
rPois   .          Reflect  .   (no helmet)
rElec   .          Harm     .   e - +0 cloak
rCorr   .          Rampage  .   (no gloves)
Will    .....                   (no boots)
Stlth   ++........              (no amulet)
HPRegen 0.11/turn               (no ring)
MPRegen 0.12/turn               (no ring)

@: slow
A: amphibious, slowness 1, strong legs 1, +LOS
a: Hop


You were on level 2 of the Dungeon.
You visited 1 branch of the dungeon, and saw 2 of its levels.

You collected 132 gold pieces.

Inventory:

Hand Weapons
 c - a +0 dagger (weapon)
 j - a +0 scythe
Armour
 a - a +0 robe (worn)
 e - a +0 cloak (worn)
Wands
 k - a wand of light (9)
Scrolls
 b - a scroll of poison {unknown}
 h - a scroll of blinking {unknown}
Potions
 d - a potion of curing {unknown}
 f - 3 potions of attraction {unknown}
 g - a potion of might {unknown}
 i - 2 potions of flight {unknown}


   Skills:
 - Level 2.1 Dodging
 - Level 1.7 Stealth
 + Level 3.9 Spellcasting
 + Level 3.5 Conjurations
 + Level 4.8 Air Magic


You had 5 spell levels left.
You knew the following spells:

 Your Spells              Type           Power      Damage    Failure   Level
a - Shock                 Conj/Air       72%        1d7       2%          1
b - Static Discharge      Conj/Air       18%        3-6/arc   4%          2
c - Swiftness             Air            21%        N/A       6%          3

Your spell library contained the following spells:

 Spells                   Type           Power      Damage    Failure   Level
 Freeze                   Ice            12%        1d4       16%         1
 Airstrike                Air            10%        2d(2-18)  21%         4
 Frozen Ramparts          Ice            6%         1d1       41%         3
 Gell's Gravitas          Tloc           3%         N/A       41%         3
 Teleport Other           Tloc           3%         N/A       41%         3
 Hailstorm                Conj/Ice       9%         3d4       56%         4
 Olgreb's Toxic Radiance  Pois           3%         N/A       83%         4
 Dispersal                Tloc           1%         N/A       100%        6
 Ozocubu's Refrigeration  Ice            1%         4d7       100%        7
 Ignition                 Fire           1%         3d3       100%        8


Dungeon Overview and Level Annotations

Branches:
Dungeon (2/15)

Altars:


Innate Abilities, Weirdness & Mutations

You are amphibious.
You cover ground slowly.
You can hop short distances.
You have an extended range of vision and can be seen from far away.


Message History

Aim: a worm (moderately wounded, 90% to hit)
The zap hits the worm.
The worm is moderately wounded.
Aiming: Shock (safe; 2% risk of failure)
Press: ? - help, Q - select action, (/) - cycle Shift-Dir - straight line, f/p - worm
Aim: a worm (moderately wounded, 90% to hit)
The zap hits the worm.
The worm is severely wounded.
Okay, then.
You hit the worm but do no damage.
The worm is heavily wounded.
You barely miss the worm.
The worm is heavily wounded.
The worm bites you.
You hit the worm.
The worm is heavily wounded.
You hit the worm but do no damage.
The worm is heavily wounded.
The worm closely misses you.
You hit the worm.
The worm is severely wounded.
The worm barely misses you.
You hit the worm.
The worm is severely wounded.
You hit the worm but do no damage.
The worm is severely wounded.
You are ready to hop once more.
The worm bites you!
Aiming: Shock (safe; 2% risk of failure)
Press: ? - help, Q - select action, (/) - cycle Shift-Dir - straight line, f/p - worm
Aim: a worm (severely wounded, 90% to hit)
Okay, then.
You hit the worm.
The worm is severely wounded.
You hit the worm.
The worm is almost dead.
The worm bites you.
* * * LOW HITPOINT WARNING * * *
The worm bites you!
You die...

#.# #.# #########.#
#.......#.#
#.#####.#.#########
#.#...#.#.........#
#.#.#.#.#.).......#
#.....#.#..w......#
#†....#.#...@.....#
#.....#.#.#########
###.#.#.#.#.#
#...#.....#.#
#.#########.#
#........†..#
#############


You could see a worm.

Vanquished Creatures
  Sigmund (D:2)
  Natasha (D:2)
  6 bats
  3 endoplasms (D:1)
  5 giant cockroaches
  3 goblins
  3 hobgoblins
  3 jackals (D:1)
  5 kobolds (D:1)
  3 quokkas
  2 ball pythons
  2 frilled lizards (D:1)
  6 rats
43 creatures vanquished.

Notes
Turn   | Place    | Note
-------+----------+-------------------------------------------
     0 | D:1      | Radix the Barachi Air Elementalist began the quest for the
                  | Orb.
     0 | D:1      | Reached XP level 1. HP: 13/13 MP: 3/3
   253 | D:1      | Found a faded altar of an unknown god.
   335 | D:1      | Reached XP level 2. HP: 6/19 MP: 0/5
  1066 | D:1      | Reached XP level 3. HP: 24/24 MP: 5/7
  1095 | D:1      | HP: 1/24 [bounced beam (2)]
  1670 | D:1      | Learned a level 2 spell: Static Discharge
  1674 | D:1      | Learned a level 3 spell: Swiftness
  1909 | D:2      | Noticed Sigmund
  1915 | D:2      | Killed Sigmund
  1916 | D:2      | Reached skill level 4 in Air Magic
  1916 | D:2      | Reached XP level 4. HP: 19/30 MP: 1/9
  1916 | D:2      | Reached XP level 5. HP: 22/35 MP: 1/10
  2160 | D:2      | Noticed Natasha
  2167 | D:2      | Killed Natasha
  2262 | D:2      | Slain by a worm

Illustrated notes

Levels and vault maps discovered:
D:1:      saegor_arrival_under_anarchy, layout_loops_ring,
          basic_ecumenical_altar, minivault_24, minmay_pentomino_q2
D:2:      layout_basic, uniq_robin, uniq_sigmund, uniq_natasha

Skill      XL: |  1  2  3 |
---------------+----------+-----
Conjurations   | 3 |  3.5
Spellcasting   | 3 |  3.9
Air Magic      | 4 |  4.8
Dodging        | |  2.1
Stealth        | |  1.7

Action                   |  1- 3 |  4- 6 || total
-------------------------+-------+-------++-------
Melee: Dagger            |    35 |    21 ||    56
       Unarmed           |     5 |       ||     5
       Punch             |       |     1 ||     1
 Cast: Shock             |    60 |    29 ||    89
 Abil: Hop               |     1 |     1 ||     2
  Use: Potion            |     1 |       ||     1
Armor: Robe              |    13 |     1 ||    14
Dodge: Dodged            |    31 |     6 ||    37
